 Dungeon Crawl Stone Soup version 0.21.0-37-g46506fa (webtiles) character file.

18 letownia2 the Charlatan (level 2, -3/23 HPs)
             Began as a Formicid Artificer on Feb 1, 2018.
             Slain by a hobgoblin
             ... wielding a +0 club
              (6 damage)
             ... on level 2 of the Dungeon.
             The game lasted 00:02:32 (799 turns).

letownia2 the Charlatan (Formicid Artificer)         Turns: 799, Time: 00:02:33

Health: -3/23      AC:  3    Str: 16    XL:     2   Next: 90%
Magic:  4/4        EV: 11    Int: 10    God:
Gold:   90         SH:  0    Dex: 11    Spells: 1/1 levels left

rFire    . . .     SeeInvis +   a - +0 short sword
rCold    . . .     Gourm    .   (no shield)
rNeg     . . .     Faith    .   b - +0 leather armour
rPois    .         Spirit   .   (helmet unavailable)
rElec    .         Reflect  .   (no cloak)
rCorr    .         Harm     .   (no gloves)
MR       .....                  (no boots)
Stlth    +.........             (no amulet)
HPRegen  0.07/turn              (no ring)
MPRegen  0.09/turn              (no ring)

@: no status effects
A: permanent stasis, dig shafts and tunnels, four strong arms, antennae 3
a: Dig, Shaft Self


You were on level 2 of the Dungeon.
You were hungry.

You visited 1 branch of the dungeon, and saw 3 of its levels.

You collected 90 gold pieces.

Inventory:

Hand Weapons
 a - a +0 short sword (weapon)
 m - a +0 hunting sling
Missiles
 o - 11 stones (quivered)
Armour
 b - a +0 leather armour (worn)
Jewellery
 j - an uncursed amulet of faith {unknown}
Wands
 c - a wand of flame (15)
 d - a wand of enslavement (15)
 e - a wand of random effects (15)
Scrolls
 h - a scroll of enchant weapon {unknown}
 i - a scroll of fog {unknown}
 k - 2 scrolls of teleportation {unknown}
 l - a scroll of amnesia {unknown}
 n - a scroll of enchant armour {unknown}
 p - a scroll of noise {unknown}
Potions
 g - a potion of berserk rage {unknown}
Comestibles
 f - 2 rations


   Skills:
 + Level 2.9 Fighting
 - Level 1.0 Short Blades
 - Level 1.7 Dodging
 - Level 1.2 Stealth
 - Level 3.2 Evocations


You had one spell level left.
You didn't know any spells.

Dungeon Overview and Level Annotations

Branches:
Dungeon (3/15)

Altars:


Innate Abilities, Weirdness & Mutations

You cannot be hasted, slowed, berserked, paralysed or teleported.
You can dig through walls and to a lower floor.
Your four strong arms can wield two-handed weapons with a shield.
You have a pair of large antennae on your head. (SInv)


Message History

You retract your mandibles.
Found a stone staircase leading up.
There is a stone staircase leading up here.
You climb upwards.
The hobgoblin shouts!
An ooze and a giant cockroach come into view.
The hobgoblin barely misses you.
There is a stone staircase leading down here.
Unknown command.
Unknown command.
You found a teleport trap!
You enter a teleport trap!
The teleport trap disappears.
The hobgoblin hits you with a club.
* * * LOW HITPOINT WARNING * * *
There are monsters nearby!
The dart slug bites you.
* * * LOW HITPOINT WARNING * * *
There is an escape hatch in the floor here.
The hobgoblin hits you with a club.
You die...

#.## . ##.# .{ ##.
#..# #. ##.. #.## ..
#.. #.# #.#####.###
#.####### #....##....
##.......# #.......
#........# ###....##.
#.#..@g..####......##.
#.#......w.os.#.#.....
#r#......######...####
#.#......#####{.......
#.#......#........####
#.#.....[#.##..##.#...
#.########.##.......##
#.# #........#...{.
#.# ###.#....#######{


You could see a dart slug, an orc, a giant cockroach and a hobgoblin.

Vanquished Creatures
  2 ball pythons
  2 bats
  A giant cockroach (D:1)
  3 goblins
  A hobgoblin (D:2)
  3 kobolds
  A quokka (D:2)
  A frilled lizard (D:1)
  2 rats
16 creatures vanquished.

Notes
Turn   | Place    | Note
-------+----------+-------------------------------------------
     0 | D:1      | letownia2 the Formicid Artificer began the quest for the Orb.
     0 | D:1      | Reached XP level 1. HP: 15/15 MP: 3/3
   310 | D:1      | Reached XP level 2. HP: 22/22 MP: 4/4
   799 | D:2      | Slain by a hobgoblin

Skill      XL: |  1 |
---------------+----+-----
Fighting       | 2 |  2.9
Short Blades   | |  1.0
Dodging        | |  1.7
Stealth        | |  1.2
Evocations     | |  3.2

Action                   || total
-------------------------++-------
Melee: Short sword       ||    65
 Abil: Dig               ||     4
 Stab: Sleeping          ||     2
  Eat: Chunk             ||     1
Armor: Leather armour    ||    18
Dodge: Dodged            ||    46
